 Dungeon Crawl Stone Soup version 0.30-b1-2-g02819fbbbe (webtiles) character file.

Game seed: 650466678639874286

17195 Ashen the Ogre Mage (level 12, -1/120 HPs)
             Began as an Ogre Air Elementalist on Sept 15, 2023.
             Was an Elder of Vehumet.
             Shot with a bolt by a minotaur (27 damage)
             ... in a Gauntlet on Jan 16, 2024.
             The game lasted 01:14:11 (20728 turns).

Ashen the Ogre Mage (Ogre Air Elementalist)        Turns: 20728, Time: 01:14:11

Health: -1/120     AC: 11    Str: 15    XL:     12   Next: 45%
Magic:  2/25       EV: 11    Int: 20    God:    Vehumet [****..]
Gold:   1201       SH:  0    Dex:  9    Spells: 17/29 levels left

rFire   . . .        N - +2 dagger (venom)
rCold   . . .        (no shield)
rNeg    . . .        Q - +3 troll leather armour
rPois   .            L - +1 hat
rElec   .            j - +1 cloak
rCorr   .            (gloves unavailable)
SInv    +            (boots unavailable)
Will    +....        z - amulet of regeneration
Stlth   ++           w - ring of flight
HPRegen 2.00/turn    K - ring of see invisible
MPRegen 0.19/turn

%: no teleportation
@: flying, studying Short Blades
A: large, unfitting armour, tough skin 1
a: Renounce Religion


You were in a Gauntlet.
You worshipped Vehumet.
Vehumet was greatly pleased with you.
You visited 4 branches of the dungeon, and saw 15 of its levels.
You also visited: Sewer, Bailey and Gauntlet.

You collected 1575 gold pieces.
You spent 374 gold pieces at shops.

Inventory:

Hand Weapons
 D - a +0 giant spiked club of venom
 I - a +5 morningstar
 N - a +2 dagger of venom (weapon)
Armour
 j - a +1 cloak (worn)
 L - a +1 hat (worn)
 Q - a +3 troll leather armour (worn)
Jewellery
 a - a ring of resist corrosion
 w - a ring of flight (left hand)
 y - a +4 ring of protection
 z - an amulet of regeneration (around neck)
 E - an amulet of reflection
 K - a ring of see invisible (right hand)
 S - a ring of protection from cold
 T - a +4 ring of slaying
Wands
 c - a wand of flame (8)
 n - a wand of paralysis (30)
 o - a wand of iceblast (10)
 r - a wand of light (16)
 A - a wand of polymorph (21)
 C - a wand of mindburst (20)
 J - a wand of digging (6)
Scrolls
 d - a scroll of silence
 g - a scroll of fear {unknown}
 h - 2 scrolls of poison {unknown}
 m - 6 scrolls of teleportation
 p - 2 scrolls of amnesia {unknown}
 q - a scroll of summoning {unknown}
 s - a scroll of noise {unknown}
 v - 4 scrolls of immolation
 F - 2 scrolls of identify
 G - 2 scrolls of vulnerability {unknown}
 M - 3 scrolls of enchant weapon {unknown}
 R - a scroll of enchant armour
Potions
 b - 4 potions of magic
 e - 9 potions of curing
 f - a potion of mutation
 i - 7 potions of attraction
 k - 2 potions of invisibility
 l - 4 potions of flight
 t - a potion of might
 u - 2 potions of heal wounds
 x - a potion of brilliance
 B - 2 potions of cancellation
 H - a potion of resistance
 O - 2 potions of berserk rage
 P - a potion of lignification


   Skills:
 + Level 8.2 Fighting
 + Level 8.1 Maces & Flails
 + Level 8.1 Dodging
 - Level 3.0 Stealth
 + Level 9.1 Spellcasting
 + Level 8.1 Conjurations
 + Level 8.0 Air Magic


You had 17 spell levels left.
You knew the following spells:

 Your Spells              Type           Power      Damage    Failure   Level
a - Shock                 Conj/Air       100%       1d9       1%          1
b - Static Discharge      Conj/Air       82%        2-6/arc   1%          2
c - Swiftness             Air            41%        N/A       1%          3
d - Airstrike             Air            20%        2d(3-19)  1%          4
e - Poisonous Vapours     Pois/Air       50%        N/A       1%          2

Your spell library contained the following spells:

 Spells                   Type           Power      Damage    Failure   Level
 Lee's Rapid Deconstruct  Erth           4%         3d5*      52%         5
 Dazzling Flash           Conj/Hex       50%        N/A       1%          3
 Stone Arrow              Conj/Erth      50%        3d10      1%          3
 Sandblast                Erth           18%        2d7       2%          1
 Cigotuvi's Dreadful Rot  Necr/Pois/Air  38%        N/A       4%          2
 Iskenderun's Mystic Bla  Conj/Tloc      25%        2d7       4%          4
 Volatile Blastmotes      Fire/Tloc      18%        2d11      8%          3
 Passwall                 Tmut/Erth      7%         N/A       14%         2
 Silence                  Hex/Air        12%        N/A       45%         5
 Starburst                Conj/Fire      12%        6d5       54%         6
 Anguish                  Hex/Necr       4%         N/A       67%         4
 Cause Fear               Hex            4%         N/A       67%         4
 Dispel Undead            Necr           9%         3d8       67%         4
 Summon Ice Beast         Ice/Summ       9%         N/A       67%         4
 Agony                    Necr           9%         N/A       95%         5
 Summon Mana Viper        Hex/Summ       9%         N/A       95%         5
 Death Channel            Necr           4%         N/A       100%        6
 Enfeeble                 Hex            4%         N/A       100%        7
 Monstrous Menagerie      Summ           4%         N/A       100%        7


Dungeon Overview and Level Annotations

Branches:
Dungeon (11/15)            Temple (1/1) D:6            Lair (2/5) D:11
    Orc (1/2) D:10          Sewer (visited)          Bailey (visited)
Gauntlet (1/1)
  Swamp: Lair:2-3    Shoals: Lair:2-3     Snake: Lair:2-3    Spider: Lair:2-3

Altars:
Ashenzari
Cheibriados
Dithmenos
Elyvilon
Fedhas
Gozag
Hepliaklqana
Makhleb
Nemelex Xobeh
Okawaru
Qazlal
Ru
Sif Muna
Trog
Uskayaw
Vehumet
Wu Jian
Xom
Yredelemnul
Zin
The Shining One

Shops:
D:4 :   D:6 ?((:   D:11 =

Annotations:
D:8 1 transporter Gauntlet 8 transporters


Innate Abilities, Weirdness & Mutations

You are too large for most types of armour.
You have tough skin. (AC +1)


Message History

You pick up a manual of Short Blades and begin studying.
n - a wand of paralysis (30) (gained 2 charges)
You pick up a book of the Senses and begin reading...
You add the spells Agony and Silence to your library.
r - a wand of light (16) (gained 3 charges)
There is a gate leading back out of this place here.
You see here a +0 pair of gloves.
Press: ? - help, v - describe, . - travel, g - get item Item here: a +0 pair of gloves.
A gate leading back out of this place.
A minotaur opens the door.
You reach down and open the door.
The minotaur shoots a bolt.
The bolt hits you!!
* * * LOW HITPOINT WARNING * * *
The minotaur shoots a bolt.
The bolt hits you!!
* * * LOW HITPOINT WARNING * * *
Found a potion of heal wounds.
Okay, then.
Okay, then.
You feel much better.
You feel much better.
Casting: Airstrike (mildly dangerous; 1% risk of failure)
Confirm with . or Enter, or press ? or * to list all spells.
Aiming: Airstrike (mildly dangerous; 1% risk of failure)
Press: ? - help, Dir - move target, f - minotaur
Aim: a minotaur, wielding the +12 arbalest of Qyemeoc {speed, rPois Str+4 Int+3}, wearing a +0 chain mail, wearing the ring of Ruley {Fly Will+ Slay+4} and quivering javelins (moderately wounded, empty space bonus: 4/8)
The air twists around and strikes the minotaur.
The minotaur is moderately wounded.
The minotaur shoots a bolt.
The bolt hits you!!
* * * LOW HITPOINT WARNING * * *
Unknown command.
Casting: Airstrike (mildly dangerous; 1% risk of failure)
Confirm with . or Enter, or press ? or * to list all spells.
Aiming: Airstrike (mildly dangerous; 1% risk of failure)
Press: ? - help, Dir - move target, f/p - minotaur
Aim: a minotaur, wielding the +12 arbalest of Qyemeoc {speed, rPois Str+4 Int+3}, wearing a +0 chain mail, wearing the ring of Ruley {Fly Will+ Slay+4} and quivering javelins (moderately wounded, empty space bonus: 4/8)
The air twists around and strikes the minotaur.
The minotaur is moderately wounded.
The minotaur shoots a bolt.
The bolt hits you!!
You die...

#...##.####.8.
#.#.##..##≈...
#.#......##...
#.#.##....#...
###+###...##.©8.#...
###..⌠.##.#.##H...#...
#.'⌠...H'.#....©8.#.8.
###...∩##.#.##....#...
#.⌠@.##...##.©8.#...
##'####.#.##....#...
#! #.#......##... ##
#.#.##..##≈...
#...##.####.8. ####
#####.... #§...#
##...# #≈...#


You could see a minotaur.

Vanquished Creatures
  A two-headed ogre (D:10)
  Pikel (D:7)
  A black mamba (Lair:1)
  6 cane toads
  2 gargoyles
  A rime drake (Lair:1)
  An unseen horror (D:11)
  3 komodo dragons (Lair:1)
  2 trolls (D:11)
  Prince Ribbit (D:7)
  Grinder (D:3)
  A raiju (Gauntlet)
  16 yaks
  5 shadows (Gauntlet)
  A vampire (D:11)
  2 wraiths
  2 wyverns
  A basilisk (Lair:1)
  4 vampire mosquitoes (D:11)
  A steam dragon (Lair:1)
  A warg (D:10)
  An acid dragon (D:10)
  2 water moccasins
  Duvessa (D:7)
  An ice beast (D:6)
  14 orc warriors
  2 sky beasts
  2 black bears
  3 ogres
  A wolf (Lair:1)
  2 centaurs
  3 lemures
  4 bullfrogs
  18 kobold brigands
  2 gnoll sergeants
  8 wights
  Dowan (D:7)
  3 killer bees (D:9)
  2 howler monkeys
  A vampire bat (D:3)
  2 jellies (D:6)
  9 orc priests
  6 hounds
  3 sleepcaps
  A gnoll bouda (D:6)
  3 iguanas (D:5)
  2 lightning spires (Gauntlet)
  15 orc wizards
  A hound skeleton (D:3)
  Robin (D:3)
  8 adders
  12 gnolls
  3 river rats (Sewer)
  A shadow imp (D:6)
  A white imp (D:6)
  2 ufetubi
  A worm (D:4)
  6 dart slugs
  45 orcs
  8 ball pythons
  16 bats
  6 endoplasms
  3 giant cockroaches
  15 goblins
  13 hobgoblins
  3 jackals
  2 quokkas
  2 ball python skeletons (D:3)
  A ball python zombie (D:3)
  2 frilled lizards (D:1)
  A giant cockroach zombie (D:3)
  50 kobolds
  A quokka skeleton (D:3)
  A quokka zombie (D:3)
  7 rats
378 creatures vanquished.

Vanquished Creatures (others)
  14 demonic plants (Gauntlet)
  6 fungi
  18 plants (Lair:1)
  8 withered plants (D:3)
46 creatures vanquished.

Grand Total: 424 creatures vanquished

Notes
Turn   | Place    | Note
-------+----------+-------------------------------------------
     0 | D:1      | Ashen the Ogre Air Elementalist began the quest for the
                  | Orb.
     0 | D:1      | Reached XP level 1. HP: 16/16 MP: 3/3
    88 | D:1      | Reached skill level 1 in Conjurations
   142 | D:1      | Reached XP level 2. HP: 24/24 MP: 2/5
   466 | D:1      | Reached XP level 3. HP: 19/31 MP: 2/7
   893 | D:1      | Reached skill level 1 in Fighting
  1287 | D:2      | Reached skill level 3 in Spellcasting
  1289 | D:2      | Reached XP level 4. HP: 41/41 MP: 2/8
  1606 | D:2      | You fall into a shaft and drop 1 floor!
  1840 | D:3      | Noticed Grinder
  2116 | D:2      | Found a faded altar of an unknown god.
  2422 | D:3      | Noticed an ogre
  2554 | D:3      | Killed Grinder
  2555 | D:3      | Reached skill level 1 in Maces & Flails
  2555 | D:3      | Reached XP level 5. HP: 34/50 MP: 0/10
  2555 | D:3      | Reached XP level 6. HP: 40/59 MP: 0/11
  2725 | D:3      | Learned a level 2 spell: Static Discharge
  2729 | D:3      | Learned a level 3 spell: Swiftness
  2734 | D:3      | Learned a level 4 spell: Airstrike
  2984 | D:3      | Found a sacrificial altar of Ru.
  3107 | D:3      | Noticed Robin
  3125 | D:3      | Killed Robin
  3523 | D:3      | Reached XP level 7. HP: 50/67 MP: 0/12
  3828 | D:4      | Found a shimmering altar of Xom.
  4136 | D:4      | Found an ornate altar of the Wu Jian Council.
  4369 | D:4      | Found Huer's Vocational Training.
  4530 | D:5      | Entered Level 5 of the Dungeon
  4613 | D:5      | Reached skill level 4 in Spellcasting
  5016 | D:5      | Found a glowing golden altar of the Shining One.
  5064 | D:5      | Found a glowing drain.
  5078 | Sewer    | Entered a sewer
  5332 | Sewer    | Found a white marble altar of Elyvilon.
  5975 | D:5      | Reached XP level 8. HP: 78/78 MP: 11/14
  6718 | D:6      | Found a staircase to the Ecumenical Temple.
  6726 | D:6      | Identified the +0 helmet "Soorph" {Int+3}
  6733 | Temple   | Entered the Ecumenical Temple
  6740 | Temple   | Became a worshipper of Vehumet
  6863 | D:6      | Found Pautwiuz's Weapon Shop.
  6960 | D:6      | Found Nudol's Magic Scroll Shop.
  6960 | D:6      | Found Ditets's Book Shop.
  6962 | D:6      | Found Vudimos's Antique Weapon Shop.
  6975 | D:6      | Bought a scroll of magic mapping for 112 gold pieces
  6975 | D:6      | Bought a scroll of enchant armour for 112 gold pieces
  6975 | D:6      | Bought a scroll of identify for 30 gold pieces
  6975 | D:6      | Bought a scroll of identify for 30 gold pieces
  6975 | D:6      | Bought a scroll of identify for 30 gold pieces
  6975 | D:6      | Bought a scroll of identify for 30 gold pieces
  6975 | D:6      | Bought a scroll of identify for 30 gold pieces
  7211 | D:6      | Reached skill level 5 in Spellcasting
  7312 | D:6      | Noticed a gargoyle
  7425 | D:6      | Killed a gargoyle
  7426 | D:6      | Reached skill level 5 in Fighting
  7570 | D:6      | Noticed a wraith
  7898 | D:6      | Reached XP level 9. HP: 66/88 MP: 17/17
  8241 | D:6      | HP: 1/88 [wraith (4)]
  9083 | D:7      | Noticed Prince Ribbit
  9086 | D:7      | Killed Prince Ribbit
  9087 | D:7      | Reached skill level 5 in Air Magic
  9290 | D:7      | Found a shimmering blue altar of Sif Muna.
  9301 | D:7      | Found a white marble altar of Elyvilon.
  9426 | D:7      | Found a hazy altar of Hepliaklqana.
  9486 | D:7      | Found a sparkling altar of Nemelex Xobeh.
  9532 | D:7      | Noticed Pikel
  9577 | D:7      | Reached skill level 6 in Spellcasting
 10006 | D:6      | Reached skill level 5 in Dodging
 10212 | D:7      | Killed Pikel
 10558 | D:7      | Reached XP level 10. HP: 92/99 MP: 2/19
 10809 | D:7      | Reached * piety under Vehumet
 10809 | D:7      | Offered knowledge of Magic Dart by Vehumet.
 10890 | D:7      | Reached skill level 5 in Conjurations
 11215 | D:8      | Reached skill level 5 in Maces & Flails
 11738 | D:8      | Found a transporter.
 12580 | D:7      | Noticed Duvessa
 12580 | D:7      | Noticed Dowan
 12583 | D:7      | Killed Duvessa
 12585 | D:7      | Killed Dowan
 12681 | D:8      | Offered knowledge of Poisonous Vapours by Vehumet.
 12687 | D:7      | Learned a level 2 spell: Poisonous Vapours
 12857 | D:9      | Reached ** piety under Vehumet
 12865 | D:9      | Reached skill level 7 in Spellcasting
 13107 | D:9      | Found a flagged portal.
 13116 | Bailey   | Entered a bailey
 13656 | Bailey   | Found a bloodstained altar of Trog.
 13972 | D:9      | Offered knowledge of Stone Arrow by Vehumet.
 14264 | D:9      | Found a shadowy altar of Dithmenos.
 14315 | D:9      | Reached XP level 11. HP: 85/111 MP: 15/22
 14417 | D:9      | Found a hide-covered altar of Uskayaw.
 14448 | D:9      | Found a burning altar of Makhleb.
 14450 | D:9      | Noticed a balrug
 14452 | D:9      | Found a glowing silver altar of Zin.
 14452 | D:9      | Noticed an angel
 14922 | D:10     | Entered Level 10 of the Dungeon
 15254 | D:10     | Reached skill level 8 in Spellcasting
 15322 | D:10     | Noticed a cyclops
 15410 | D:10     | Noticed a two-headed ogre
 15417 | D:10     | Killed a two-headed ogre
 15557 | D:10     | Reached *** piety under Vehumet
 16514 | D:10     | Offered knowledge of Inner Flame by Vehumet.
 16687 | D:10     | Found a staircase to the Orcish Mines.
 16968 | Orc:1    | Entered Level 1 of the Orcish Mines
 17176 | D:11     | Found a staircase to the Lair.
 17358 | D:11     | Found Sekk's Jewellery Boutique.
 17396 | D:11     | Reached **** piety under Vehumet
 17767 | D:11     | Offered knowledge of Lee's Rapid Deconstruction by Vehumet.
 18448 | Lair:1   | Entered Level 1 of the Lair of Beasts
 18534 | Lair:1   | Reached skill level 9 in Spellcasting
 18581 | D:11     | Reached XP level 12. HP: 81/119 MP: 14/25
 19897 | Lair:2   | Found a gate leading to a gauntlet.
 19920 | Gauntlet | Entered a Gauntlet
 19920 | Gauntlet | Found a transporter.
 20047 | Gauntlet | Found a transporter.
 20065 | Gauntlet | Found a transporter.
 20068 | Gauntlet | Found a transporter.
 20089 | Gauntlet | Found a transporter.
 20094 | Gauntlet | Noticed a thrashing horror
 20102 | Gauntlet | Found a transporter.
 20106 | Gauntlet | Noticed a ghost crab
 20116 | Gauntlet | Found a transporter.
 20144 | Gauntlet | Found a runed translucent gate.
 20145 | Gauntlet | Found a transporter.
 20145 | Gauntlet | Found a transporter.
 20145 | Gauntlet | Found a runed translucent gate.
 20150 | Gauntlet | Found a transporter.
 20170 | Gauntlet | Found a runed translucent gate.
 20179 | Gauntlet | Found a transporter.
 20179 | Gauntlet | Found a transporter.
 20698 | Gauntlet | Identified the +12 arbalest of Qyemeoc {speed, rPois Str+4
                  | Int+3}
 20698 | Gauntlet | Identified the ring of Ruley {Fly Will+ Slay+4}
 20698 | Gauntlet | Noticed a minotaur
 20724 | Gauntlet | HP: 6/120 [minotaur/bolt (19)]
 20728 | Gauntlet | Shot with a bolt by a minotaur

Illustrated notes

Levels and vault maps discovered:
D:1:      dpeg_arrival_rooms_with_view, layout_rooms, minmay_quantized
D:2:      layout_loops_cross, nicolae_ecumenical_lake_church
D:3:      layout_rooms, nicolae_ru_awakened_eye, serial_undead, serial_undead_f,
          serial_undead_b, serial_undead_b, serial_undead_f, serial_undead_e,
          serial_undead_e, serial_undead_b, roderic_batcave,
          minmay_diced_spiral, uniq_robin, uniq_grinder
D:4:      layout_basic, mainiacjoe_overflow_alcove_1,
          mainiacjoe_overflow_concentric_impassable, nicolae_shop_vocational
D:5:      layout_basic, nicolae_tso_carved_into_rock, portal_sewer_entry_d,
          minmay_quadrilaterals
D:6:      minmay_opposing_rooms, layout_basic, minmay_temple_entry_purple_smoke,
          minmay_shop_grid_forest
D:7:      layout_loops_ring, nicolae_overflow_hidden_temple,
          mainiacjoe_overflow_boulevard,
          chequers_temple_overflow_statue_of_worship, uniq_prince_ribbit1,
          uniq_duvessa, uniq_pikel
D:8:      layout_loops_cross, kennysheep_pointless_box, nicolae_diode_basic
D:9:      layout_basic, grunt_temple_overflow_order_and_chaos_2,
          nicolae_uskayaw_dance_hall, nicolae_dithmenos_shadow_blocks,
          enter_bailey_2, minmay_unpleasant_kobolds
D:10:     layout_irregular_city, erik_orc_2, hangedman_decor_riveting
D:11:     layout_loops_cross, lair_entry_dummy, serial_shops,
          nicolae_shop_tiny_waterfront
Temple:   eino_temple_lava
Lair:1:   layout_long_grid, st_stairs_9, serial_bayou_pond_c, lemuel_fruit_tree
Lair:2:   layout_chaotic_city, palyth_hydra_swamp_entry, gauntlet_entry_generic,
          uniq_fannar
Orc:1:    minmay_goldmine, layout_diamond_mine, elves_outpost_lemuel
Gauntlet: minmay_gauntlet_mixed_oops_all_seconds
          [minmay_gauntlet_arena_77_run_for_it,
          gammafunk_gauntlet_arena_chambers, minmay_gauntlet_arena_77_box,
          gammafunk_gauntlet_arena_split_diamond,
          minmay_gauntlet_arena_77_mirror,
          gammafunk_gauntlet_arena_arrow_garden, gauntlet_exit_hidden_loot]

Skill      XL: |  1  2  3  4  5  6  7  8  9 10 11 12 |
---------------+-------------------------------------+-----
Conjurations   | 1 2 3 4 6 7 8 |  8.1
Dodging        | 2 3 4 5 6 7 8 |  8.1
Fighting       | 1 2 3 5 6 8 |  8.2
Air Magic      | 3 4 5 6 7 8 |  8.0
Spellcasting   | 3 4 5 6 7 9 |  9.1
Maces & Flails | 1 2 3 4 5 7 8 |  8.1
Stealth        | 2 3 |  3.0

Action                     |  1- 3 |  4- 6 |  7- 9 | 10-12 || total
---------------------------+-------+-------+-------+-------++-------
  Melee: Unarmed           |     5 |       |       |       ||     5
         Whip              |    58 |     5 |       |       ||    63
         Dagger            |       |    26 |   166 |   439 ||   631
         Punch             |       |       |     2 |     8 ||    10
         Giant club        |       |       |     8 |       ||     8
   Cast: Shock             |    65 |   102 |    95 |    92 ||   354
         Airstrike         |       |     1 |    67 |   142 ||   210
         Swiftness         |       |       |     4 |     1 ||     5
         Static Discharge  |       |       |     5 |    43 ||    48
         Poisonous Vapours |       |       |       |   133 ||   133
  Evoke: Wand              |       |       |       |     2 ||     2
    Use: Scroll            |     3 |     3 |     8 |    11 ||    25
         Potion            |       |       |     3 |     3 ||     6
   Stab: Sleeping          |       |       |     1 |     3 ||     4
         Distracted        |       |       |     1 |       ||     1
 Armour: Robe              |    20 |    27 |    60 |   190 ||   297
         Troll leather arm |       |       |       |    16 ||    16
  Dodge: Dodged            |    36 |    33 |   120 |   323 ||   512
